Map: Tokamak LE

Players

Solar - Winner!

  • Race: Zerg Zerg
  • Spawn Location: 7:00

Clem

  • Race: Terran Terran
  • Spawn Location: 1:00

Event: Esports World Cup 2025

VOD

Have the link to the VOD?

Description

Time

  • Played on: July 23, 2025, 7:44 a.m.
  • Length: 15:05

All games in this series

Show
View Real Time Build Order
Export as new Build Order

Solar Zerg - Winner!

Build Orders: Hatch First, Lurkers, Roach Hydra 

Get SALT Encoding   

  12  0:00  Drone  
  13  0:08  Drone  
  14  0:15  Drone, Extractor  
  15  0:36  Hatchery  
  15  0:40  Drone, Extractor  
  15  0:46  Overlord  
  15  1:00  Spawning Pool  
  14  1:04  Drone  
  14  1:08  Drone  
  16  1:12  Drone  
  16  1:16  Drone  
  18  1:26  Drone  
  19  1:36  Drone  
  20  1:48  Zergling x2, Queen x2  
  20  1:50  Drone  
  26  2:00  Overlord  
  27  2:01  Drone  
  27  2:09  Drone  
  28  2:16  Hatchery  
  28  2:19  Drone  
  28  2:21  Drone  
  29  2:23  Drone  
  30  2:31  Queen  
  30  2:34  Extractor  
  30  2:36  Drone  
  32  2:41  Overlord  
  32  2:48  Drone x2  
  34  2:54  Drone x2  
  36  3:00  Drone  
  36  3:01  Drone x2  
  36  3:02  Drone  
  36  3:03  Drone x2  
  42  3:09  Overlord  
  42  3:13  Queen  
  44  3:20  Roach Warren  
  44  3:21  Drone  
  43  3:29  Drone x4  
  47  3:34  Queen  
  47  3:41  Drone x2  
  51  3:42  Evolution Chamber  
  51  3:44  Overlord  
  51  3:45  Extractor  
  51  3:46  Overlord  
  49  3:50  Drone  
  49  3:51  Drone  
  49  3:54  Overlord  
  51  4:03  Evolution Chamber, Roach x3  
  51  4:07  Roach  
  59  4:10  Drone x5  
  59  4:14  Drone x2  
  66  4:17  Overlord  
  66  4:18  Drone  
  66  4:24  Lair  
  67  4:25  Drone  
  67  4:30  Queen  
  70  4:33  Drone x3  
  70  4:35  Drone  
  70  4:37  Drone  
  75  4:38  Drone  
  75  4:45  Drone, Overlord, Spore Crawler  
  76  4:46  Overlord  
  76  4:48  Drone x2  
  76  4:50  Drone  
  79  4:55  Drone x2  
  79  4:58  Overlord  
  79  4:59  Spore Crawler  
  80  5:01  Extractor x2  
  80  5:03  Zerg Ground Armor Level 1, Spore Crawler  
  80  5:05  Drone  
  78  5:08  Drone  
  78  5:09  Drone x2  
  78  5:10  Drone x2  
  78  5:13  Drone x2, Extractor  
  81  5:15  Drone  
  81  5:18  Drone x2  
  81  5:22  Overseer  
  81  5:26  Drone x2  
  82  5:32  Drone x6  
  85  5:43  Drone x7  
  92  5:52  Infestation Pit  
  92  5:53  Extractor  
  90  5:58  Overlord  
  90  6:05  Glial Reconstitution  
  90  6:06  Hatchery  
  90  6:07  Drone x3  
  90  6:08  Evolution Chamber  
  90  6:09  Overlord  
  91  6:11  Roach  
  91  6:12  Roach x4, Hydralisk Den  
  91  6:14  Overlord  
  91  6:16  Drone  
  101  6:20  Roach x3  
  101  6:21  Overlord  
  101  6:24  Drone  
  101  6:25  Drone x2  
  110  6:31  Drone  
  110  6:32  Drone x2  
  112  6:37  Infestor, Hive  
  112  6:39  Drone x2  
  116  6:40  Extractor  
  116  6:41  Extractor  
  116  6:42  Drone x2  
  116  6:44  Zerg Missile Weapons Level 1  
  116  6:50  Drone x4  
  116  6:52  Lurker Den  
  119  6:54  Roach x2  
  119  6:59  Overlord  
  119  7:01  Roach x3  
  129  7:04  Drone, Metabolic Boost  
  129  7:07  Drone x2  
  132  7:09  Drone  
  132  7:10  Drone, Overlord  
  132  7:11  Overlord  
  132  7:13  Overlord  
  134  7:16  Overlord  
  134  7:22  Queen  
  130  7:25  Roach x3  
  136  7:31  Hydralisk x2  
  136  7:34  Zergling x8  
  144  7:38  Zerg Ground Armor Level 2  
  144  7:39  Muscular Augments  
  144  7:47  Zergling x6  
  144  7:50  Hydralisk, Seismic Spines  
  144  7:51  Hydralisk x2  
  149  7:54  Overlord  
  149  7:56  Zergling x4  
  149  7:57  Zergling x4  
  149  7:58  Queen  
  157  8:04  Roach x2, Spore Crawler  
  157  8:05  Roach x3  
  168  8:06  Lurker x2  
  168  8:07  Overlord  
  168  8:09  Overlord x2  
  169  8:27  Lurker x3  
  169  8:32  Hydralisk x3  
  169  8:34  Zergling x4  
  176  8:39  Zerg Melee Weapons Level 1  
  176  8:45  Hydralisk x5, Hatchery  
  176  8:47  Drone  
  176  8:48  Adaptive Talons  
  186  8:49  Pneumatized Carapace  
  186  8:52  Grooved Spines  
  177  9:03  Hydralisk x5  
  177  9:06  Zergling x8  
  177  9:07  Zergling x16  
  183  9:12  Hydralisk  
  183  9:13  Hydralisk x3  
  181  9:19  Hatchery  
  181  9:22  Zergling x14  
  185  9:28  Overlord  
  185  9:30  Nydus Network  
  184  9:35  Lurker x2  
  184  9:37  Queen  
  188  9:39  Overlord  
  188  9:42  Baneling Nest, Zergling x14  
  188  9:45  Overseer  
  192  9:51  Zergling x2  
  184  9:54  Zerg Missile Weapons Level 2  
  184  9:57  Lurker x3  
  184  9:59  Drone x2  
  189  10:02  Lurker  
  190  10:08  Adrenal Glands  
  190  10:09  Zergling x20  
  199  10:24  Hatchery  
  199  10:25  Centrifugal Hooks  
  199  10:27  Drone  
  199  10:30  Zergling x8  
  199  10:32  Zergling x8  
  199  10:34  Drone  
  199  10:35  Drone  
  197  10:38  Hydralisk  
  197  10:39  Hydralisk x3, Zergling x2  
  197  10:42  Nydus Canal  
  200  10:47  Zerg Melee Weapons Level 2  
  191  10:50  Hydralisk  
  191  10:51  Zergling x14  
  191  10:52  Zergling x2  
  191  10:53  Zergling x8  
  191  10:54  Zergling x2  
  191  10:56  Zergling x2  
  191  10:57  Zergling x4  
  198  11:00  Zergling x2  
  198  11:02  Hydralisk  
  194  11:05  Lurker x2  
  194  11:06  Zergling x6  
  194  11:09  Lurker  
  194  11:10  Zergling x2  
  194  11:11  Zergling x6  
  194  11:15  Zergling x4  
  194  11:17  Drone, Baneling x7  
  196  11:23  Zergling x4  
  196  11:24  Hydralisk  
  196  11:25  Hydralisk  
  199  11:29  Unknown  
  182  11:35  Hydralisk x3  
  182  11:37  Zergling x18  
  172  11:41  Overlord  
  172  11:42  Overseer x6, Overlord  
  172  11:45  Hydralisk x2  
  167  11:50  Zergling x10  
  167  11:53  Zergling x14  
  168  11:56  Zergling x2  
  168  11:58  Zergling x4  
  168  12:00  Infestor  
  167  12:03  Baneling x8  
  167  12:05  Zergling x4  
  169  12:10  Zerg Ground Armor Level 3  
  169  12:12  Lurker x2  
  169  12:13  Zergling x10  
  176  12:19  Zergling x4  
  176  12:20  Zergling x4, Hatchery  
  176  12:21  Lurker x2  
  176  12:22  Zergling x10  
  186  12:26  Baneling x2  
  186  12:29  Lurker  
  178  12:36  Zergling x14  
  180  12:41  Hydralisk x3  
  180  12:42  Zergling x10  
  186  12:46  Baneling x4  
  186  12:48  Zergling x4  
  184  12:52  Zergling x2  
  184  12:53  Zergling x4, Nydus Canal  
  171  12:59  Hydralisk x2  
  172  13:06  Zergling x10  
  172  13:09  Zergling x12  
  174  13:13  Hydralisk, Hatchery  
  174  13:18  Hydralisk x2  
  173  13:20  Burrow, Zergling x4  
  173  13:23  Zergling x2  
  173  13:26  Hydralisk x2  
  173  13:28  Zergling x2  
  165  13:38  Zergling x8  
  165  13:39  Zergling x4  
  165  13:41  Hatchery  
  162  13:44  Infestor  
  162  13:46  Lurker x6  
  162  13:47  Lurker  
  171  13:50  Baneling x4  
  171  13:51  Zergling x2  
  171  13:54  Zergling x4  
  173  13:57  Zergling x6  
  173  13:59  Zergling x4  
  173  14:01  Zergling x2  
  177  14:04  Zergling x6  
  177  14:07  Zergling x2  
  177  14:08  Zergling x2  
  182  14:10  Baneling x3  
  182  14:12  Zergling x2  
  182  14:13  Nydus Canal  
  182  14:16  Zergling x4  
  184  14:19  Zergling x4  
  184  14:20  Zergling x2  
  186  14:28  Zergling x8, Lurker  
  186  14:29  Baneling  
  186  14:30  Baneling  
  186  14:31  Zergling x2  
  187  14:33  Baneling x4  
  187  14:34  Zergling x2  
  188  14:38  Zergling x2  
  188  14:39  Zergling x8  
  188  14:41  Zergling x4  
  188  14:43  Nydus Canal  
  188  14:44  Hatchery  
  190  14:59  Nydus Canal  
Show
View Real Time Build Order
Export as new Build Order

Clem Terran 

Build Orders: Reaper Expand, Banshee Rush 

Get SALT Encoding   

  12  0:00  SCV  
  13  0:12  SCV  
  14  0:17  Supply Depot  
  14  0:24  SCV  
  15  0:38  SCV  
  15  0:40  Barracks  
  16  0:43  Refinery  
  16  0:50  SCV  
  17  1:03  SCV  
  18  1:15  SCV  
  19  1:26  Reaper  
  19  1:27  Orbital Command  
  20  1:38  Command Center  
  20  1:46  Supply Depot  
  20  1:52  SCV  
  21  1:58  Marine  
  22  2:05  SCV  
  23  2:09  Factory  
  23  2:17  SCV  
  23  2:20  Barracks Reactor  
  24  2:29  SCV  
  25  2:38  Command Center  
  25  2:41  SCV  
  26  2:48  Refinery  
  26  2:52  Orbital Command  
  26  2:55  SCV  
  27  3:02  Starport  
  27  3:07  SCV  
  27  3:10  Hellion  
  30  3:14  Hellion  
  30  3:17  SCV  
  30  3:19  SCV  
  34  3:21  Barracks Tech Lab  
  34  3:29  SCV  
  34  3:31  SCV  
  34  3:32  Hellion  
  38  3:35  Hellion  
  40  3:41  SCV  
  40  3:43  Cloaking Field, SCV  
  40  3:47  Banshee  
  45  3:50  Marine  
  45  3:53  Orbital Command  
  46  3:56  SCV  
  46  3:57  SCV  
  52  4:08  SCV  
  52  4:09  Barracks Tech Lab, SCV  
  50  4:12  Factory Tech Lab  
  50  4:13  Barracks  
  50  4:17  Factory Reactor  
  50  4:19  SCV  
  50  4:20  SCV  
  50  4:21  SCV  
  53  4:27  Supply Depot, Barracks  
  53  4:29  Banshee  
  53  4:30  Marine  
  57  4:31  SCV  
  57  4:32  SCV  
  57  4:34  SCV  
  60  4:40  Refinery x2  
  60  4:41  Stimpack  
  60  4:43  SCV  
  61  4:48  Marine, SCV x2  
  61  4:49  Engineering Bay  
  61  4:52  Engineering Bay  
  64  4:56  Orbital Command  
  64  4:58  Supply Depot  
  64  5:00  SCV  
  64  5:02  Marine x2  
  64  5:06  Marine  
  68  5:07  Barracks, SCV  
  68  5:13  Barracks  
  69  5:20  Marine, Terran Infantry Weapons Level 1, SCV x2  
  73  5:21  Terran Infantry Armor Level 1  
  73  5:25  SCV  
  71  5:30  Marine  
  71  5:31  Starport Reactor  
  71  5:32  SCV x2  
  71  5:33  Marine  
  71  5:35  Siege Tank  
  72  5:38  SCV  
  72  5:41  Supply Depot  
  73  5:44  Marine x2, SCV x2  
  73  5:46  Marine  
  74  5:50  SCV  
  74  5:55  Supply Depot  
  74  5:56  SCV  
  76  5:57  Supply Depot, Marine, Barracks Reactor  
  76  6:01  Barracks Reactor  
  76  6:03  Marine x2, SCV  
  80  6:06  Supply Depot  
  80  6:07  Siege Tank  
  80  6:08  Marine, SCV  
  85  6:14  Supply Depot  
  85  6:16  Marine, SCV x2, Medivac x2  
  92  6:20  Marine, SCV  
  92  6:21  Supply Depot  
  92  6:22  Marine  
  92  6:24  Marine  
  96  6:28  SCV x2  
  96  6:30  Supply Depot  
  96  6:31  Supply Depot  
  96  6:32  Marine, Combat Shield, SCV  
  97  6:36  Marine x2  
  97  6:38  Marauder, Marine  
  102  6:43  Armory  
  102  6:47  Command Center  
  102  6:54  Marine x2  
  102  6:55  Barracks x2  
  102  6:57  Barracks, Marine x2  
  102  6:58  Marine x2  
  108  7:03  Marauder  
  108  7:05  Medivac x2  
  114  7:09  Widow Mine x2  
  114  7:12  Refinery  
  114  7:13  Marauder, Marine  
  114  7:15  Supply Depot  
  121  7:16  SCV  
  121  7:17  Marine, SCV  
  121  7:19  SCV  
  121  7:21  Marine x2  
  121  7:22  Marine  
  126  7:26  Marauder, Supply Depot, Marine  
  127  7:30  Marine  
  127  7:33  Terran Infantry Weapons Level 2, Supply Depot  
  127  7:34  Marauder  
  127  7:35  Marine  
  131  7:39  Marine x2  
  131  7:41  Widow Mine x2  
  137  7:44  Barracks Tech Lab  
  137  7:45  Supply Depot, Barracks Tech Lab, Concussive Shells, Barracks Reactor  
  137  7:47  Marauder  
  139  7:51  Terran Infantry Armor Level 2  
  139  7:56  Marauder, Supply Depot  
  139  7:57  Medivac  
  143  8:02  Medivac  
  143  8:04  Marine x3  
  150  8:06  Marauder  
  150  8:08  Marauder, Marine x2  
  150  8:09  Marauder  
  150  8:10  SCV x2  
  158  8:13  Widow Mine x2  
  158  8:16  Marine x2  
  158  8:18  SCV  
  163  8:22  SCV  
  163  8:23  Marine, Terran Vehicle And Ship Armor Level 1  
  163  8:26  Marine x2  
  168  8:27  Marauder, Marine  
  168  8:28  Marine  
  168  8:29  Marauder  
  168  8:32  Ghost Academy  
  166  8:35  Marauder, Marine x2  
  166  8:38  Orbital Command  
  166  8:41  Marine x2  
  170  8:42  Sensor Tower  
  170  8:43  SCV  
  170  8:44  Marauder  
  175  8:48  SCV  
  175  8:49  SCV  
  175  8:50  Refinery  
  175  8:51  Refinery  
  175  8:52  Marauder  
  177  8:59  Widow Mine  
  177  9:00  Marauder  
  172  9:03  Marine x5  
  172  9:05  Marine  
  172  9:07  Ghost  
  172  9:11  Ghost, Marine  
  172  9:12  SCV  
  172  9:13  Ghost  
  172  9:16  Medivac  
  174  9:17  Widow Mine  
  174  9:19  Marine  
  174  9:21  Marine  
  174  9:27  Command Center  
  172  9:32  Medivac  
  172  9:35  Ghost  
  177  9:39  Marine, Widow Mine  
  180  9:50  Ghost  
  180  9:51  Marine  
  164  9:53  Marine x2  
  164  9:54  Marine x5, Widow Mine  
  164  9:55  Ghost  
  164  9:58  Medivac  
  178  10:00  Widow Mine  
  178  10:04  Ghost  
  178  10:05  Missile Turret  
  181  10:08  Marine x2  
  181  10:13  Marauder  
  185  10:15  Missile Turret, Marine, Widow Mine  
  185  10:16  Marine  
  185  10:19  Marauder, Marine x2  
  193  10:22  Widow Mine  
  195  10:29  Marine  
  195  10:32  SCV  
  196  10:36  SCV x2  
  196  10:38  Ghost, Widow Mine, Medivac  
  198  10:44  Command Center  
  198  10:45  Widow Mine  
  198  10:47  Ghost  
  198  10:50  Ghost  
  198  10:55  SCV  
  194  10:59  Ghost  
  194  11:01  Marine  
  187  11:05  Marine  
  187  11:06  SCV  
  187  11:07  Ghost  
  187  11:09  Widow Mine  
  187  11:11  Marine  
  192  11:15  Ghost Academy  
  192  11:18  Orbital Command  
  193  11:31  Ghost  
  167  11:34  Marine, Widow Mine  
  167  11:36  Marine  
  167  11:37  Marine  
  167  11:38  Barracks Tech Lab, SCV x2  
  150  11:40  SCV  
  150  11:42  Marine x2, Medivac  
  150  11:43  Marine  
  150  11:45  Marine x2  
  151  11:49  Marine  
  144  11:56  Marine  
  144  11:57  Marine  
  144  11:58  SCV  
  144  11:59  Ghost x2  
  153  12:02  Orbital Command  
  153  12:03  Ghost  
  153  12:04  Marine  
  153  12:06  Marauder, Marine x2  
  160  12:10  Marine  
  160  12:11  SCV x2  
  160  12:15  Medivac  
  163  12:18  SCV  
  163  12:25  Widow Mine  
  163  12:34  Marine  
  163  12:36  Marine, SCV  
  163  12:41  Supply Depot  
  163  12:44  Supply Depot  
  163  12:47  Ghost  
  163  12:48  Widow Mine  
  166  12:53  Marine  
  166  12:54  Marine x2, Widow Mine  
  157  13:02  SCV  
  157  13:03  SCV  
  157  13:05  Marine  
  157  13:06  Marine  
  157  13:09  Marine, Widow Mine  
  142  13:13  Marine  
  142  13:15  Marine x3, Widow Mine  
  135  13:20  SCV  
  135  13:21  SCV  
  135  13:22  SCV  
  136  13:30  Widow Mine  
  130  13:39  Marauder, Marine x6  
  130  13:40  Widow Mine  
  128  13:42  SCV  
  129  13:49  Marine, SCV  
  129  13:52  Widow Mine  
  134  13:58  Orbital Command  
  132  14:04  Refinery  
  132  14:07  Marine x2, Widow Mine  
  135  14:11  Marine  
  135  14:13  Marine  
  135  14:15  Marine x3  
  140  14:19  Widow Mine  
  140  14:22  Medivac  
  140  14:23  Marine x2  
  138  14:27  SCV  
  138  14:28  SCV, Widow Mine  
  138  14:29  SCV x2  
  134  14:31  SCV  
  134  14:34  Orbital Command, Medivac  
  134  14:36  Orbital Command  
  134  14:38  Marine  
  136  14:40  Widow Mine  
  136  14:42  Marine x2  
Tags
 
Add a new tag
Caveats
  • Supply blocks, unpowered buildings, or Contaminate may cause inaccurate times.
  • Supply counts are checked every 10 seconds.